 Dungeon Crawl Stone Soup version 0.19-a0-811-gf4045fb (webtiles) character file.

1974 Stormbringer the Insei (level 9, -2/68 HPs)
             Began as a Mummy Monk on June 28, 2016.
             Slain by an ogre
             ... wielding a +0 giant club
              (28 damage)
             ... on level 6 of the Dungeon.
             The game lasted 00:25:34 (24032 turns).

Stormbringer the Insei (Mummy Monk)                Turns: 24032, Time: 00:25:35

Health: -2/68      AC:  5    Str: 15    XL:     9   Next: 0%
Magic:  9/9        EV: 14    Int:  9    God:
Gold:   281        SH: 10    Dex: 17    Spells: 0 memorised, 8 levels left

rFire  x . .     SeeInvis .       - Unarmed
rCold  + . .     Gourm    .     (no armour)
rNeg   + + +     Faith    .     g - +0 shield
rPois  ∞         Spirit   .     (no helmet)
rElec  .         Dismiss  .     (no cloak)
rCorr  .         Reflect  .     (no gloves)
SustAt .         Harm     .     l - +0 pair of boots
MR     +....                    (no amulet)
Stlth  ++........               b - +4 ring of protection
                                (no ring)

@: somewhat resistant to hostile enchantments, unstealthy
A: no food or potions, fire vulnerability, cold resistance 1, negative energy
resistance 3, torment resistance, unbreathing
a: no special abilities


You were on level 6 of the Dungeon.
You were not hungry.

You visited 1 branch of the dungeon, and saw 6 of its levels.

You collected 281 gold pieces.


Innate Abilities, Weirdness & Mutations

You do not eat or drink.
Your flesh is vulnerable to fire.
You are immune to poison.
Your flesh is cold resistant. (rC+)
You are immune to negative energy. (rN+++)
You are immune to unholy pain and torment.
You can survive without breathing.


   Skills:
 - Level 5.4 Fighting
 - Level 5.5 Dodging
 - Level 1.5 Stealth
 - Level 5.0 Shields
 + Level 6.0 Unarmed Combat


You had 8 spell levels left.
You didn't know any spells.

Inventory:

Missiles
 c - 41 bolts (quivered)
Armour
 g - a +0 shield (worn)
 l - a +0 pair of boots (worn)
Jewellery
 b - a +4 ring of protection (right hand)
Scrolls
 a - 2 scrolls of recharging
 d - 2 scrolls of magic mapping {unknown}
 e - 2 scrolls of enchant weapon
 f - 4 scrolls of remove curse
 i - a scroll of amnesia
 k - a scroll of immolation {!r}

Dungeon Overview and Level Annotations

Branches:
Dungeon (6/15)
 Temple: D:4-7

Altars:
Ashenzari
Kikubaaqudgha
Makhleb
Okawaru
Pakellas
Vehumet

Shops:
D:4 }   D:5 %

Annotations:
D:2 exclusion: 4 upstairs
D:5 exclusion: statue

o... ▒▒▒▒▒▒▒▒ ▒..▒ ▒......▒▒▒▒▒▒
▒..▒ ▒▒▒▒.....5.....▒ ▒..▒
▒▒▒........[▒▒▒..▒▒▒.)▒
▒▒...▒▒▒..▒▒▒▒ ▒.▒▒▒../▒
..........▒ ▒M▒ ▒.▒.▒ ▒▒▒▒ ..
▒........▒▒▒▒▒▒O▒▒▒.▒.▒▒▒.<▒ ...
▒.......▒▒.....#........5.▒▒▒...
▒..........▒▒.<▒▒..▒▒..▒▒.▒▒....
▒...▒▒▒▒▒▒▒▒▒.▒▒..▒▒▒▒).........
.▒...▒ ▒.▒..▒▒▒▒▒..........
.....▒ ▒▒▒..#..▒▒........▒...
▒▒..▒▒ ▒..........>..▒.▒▒▒...
▒..▒ ▒...........▒.........


You could see an ogre.


Message History

You climb downwards!
You block the ogre's attack!
There is a stone staircase leading up, spattered with blood here!
Items here: !!! ) [[ £ a chain mail; a plate armour; 10 gold pieces; a smoky grey potion; a war axe You see here a club!
The ogre hits you with a giant club!!!!!!
Things that are here:
a robe; a dagger You pummel the ogre like a punching bag!
The ogre is lightly wounded!
The ogre closely misses you!
You beat the ogre into a bloody pulp!
The ogre is lightly wounded!
You block the ogre's attack!
You beat the ogre into a bloody pulp!!!
The ogre is heavily wounded!
You barely miss the ogre!
The ogre is heavily wounded!
The ogre completely misses you!
You pummel the ogre like a punching bag!!!
The ogre is severely wounded!
The ogre hits you with a giant club!!!!!! * * * don't die
* * * You squash the ogre like an ant!
The ogre is almost dead!
The phantom blinks!!!
Your shield prevents you from hitting the ogre!
The ogre is almost dead!
The ogre hits you with a giant club!!!!!! rip

Action                   |  1- 3 |  4- 6 |  7- 9 || total
-------------------------+-------+-------+-------++-------
Melee: Unarmed           |   146 |   336 |   506 ||   988
       Punch             |     2 |     2 |     6 ||    10
  Use: Scroll            |       |       |    10 ||    10
 Stab: Sleeping          |     5 |     7 |     1 ||    13
       Distracted        |       |       |     1 ||     1
Armor: Skin              |    23 |    58 |    74 ||   155
Dodge: Dodged            |   106 |   214 |   298 ||   618
Block: Shield            |       |       |    96 ||    96

Vault maps used:
D:1:      tarquinn_simple_flora_water_f
D:2:      lemuel_round_altar, first_bread, uniq_terence
D:3:      ecumenical_altar_1, dk_vineyard_2
D:4:      overflow_temple_1_default, serial_shops, kennysheep_mini_moat,
          uniq_eustachio
D:5:      nicolae_overflow_hidden_temple, kiku_gazebo_garden_becter,
          vehumet_statue, serial_shops, shop_statue, johnstein_pakellas_dig
D:6:      kennysheep_little_box, lemuel_statue_altar, uniq_crazy_yiuf_cottage

Notes
Turn   | Place    | Note
--------------------------------------------------------------
     0 | D:1      | Stormbringer the Mummy Monk began the quest for the Orb.
     0 | D:1      | Reached XP level 1. HP: 18/18 MP: 1/1
   648 | D:1      | Reached XP level 2. HP: 21/24 MP: 2/2
   689 | D:1      | Reached skill level 3 in Unarmed Combat
  1199 | D:2      | Reached XP level 3. HP: 28/29 MP: 3/3
  1868 | D:2      | Found an iron altar of Okawaru.
  2076 | D:2      | Reached skill level 4 in Unarmed Combat
  2129 | D:2      | Reached XP level 4. HP: 11/35 MP: 4/4
  2503 | D:2      | Noticed Terence
  2780 | D:2      | HP: 2/35 [Terence/falchion (7)]
  3674 | D:3      | Reached skill level 3 in Dodging
  3965 | D:3      | Reached XP level 5. HP: 41/41 MP: 5/5
  4027 | D:3      | Found a faded altar of an unknown god.
  4458 | D:3      | Reached skill level 4 in Dodging
  4639 | D:4      | Noticed an ogre
  4712 | D:3      | Reached XP level 6. HP: 12/47 MP: 6/6
  6145 | D:3      | Reached skill level 5 in Unarmed Combat
  6302 | D:3      | Found a faded altar of an unknown god.
  6717 | D:2      | Reached XP level 7. HP: 49/52 MP: 7/7
  6736 | D:2      | Killed Terence
  7074 | D:2      | Found an iron altar of Okawaru.
 13711 | D:1      | Noticed a tengu warrior
 14375 | D:1      | Reached skill level 5 in Fighting
 15059 | D:1      | Noticed a storm dragon
 15522 | D:4      | Found Liucwuah's Gadget Shoppe.
 15556 | D:4      | Noticed Eustachio
 15618 | D:3      | Killed Eustachio
 15618 | D:3      | Reached skill level 5 in Dodging
 15618 | D:3      | Reached XP level 8. HP: 35/63 MP: 8/8
 16164 | D:4      | Found a burning altar of Makhleb.
 16256 | D:5      | Entered Level 5 of the Dungeon
 16323 | D:5      | Reached skill level 1 in Shields
 16407 | D:5      | Found an ancient bone altar of Kikubaaqudgha.
 16544 | D:5      | Found Zeicvaoh's Food Shoppe.
 16553 | D:5      | Reached skill level 2 in Shields
 16702 | D:5      | Found a radiant altar of Vehumet.
 16892 | D:5      | Found an oddly glowing altar of Pakellas.
 17148 | D:6      | Reached skill level 3 in Shields
 17291 | D:5      | Found a shattered altar of Ashenzari.
 20400 | D:2      | Found an iron altar of Okawaru.
 20540 | D:2      | Noticed a cyclops
 21252 | D:2      | Noticed a manticore
 21679 | D:3      | HP: 3/63 [centaur/arrow (10)]
 21714 | D:2      | HP: 5/63 [killer bee (4)]
 21723 | D:2      | Noticed a deep troll
 22394 | D:3      | Reached skill level 4 in Shields
 22577 | D:3      | Found a faded altar of an unknown god.
 22870 | D:3      | Reached skill level 5 in Shields
 23922 | D:6      | Reached skill level 6 in Unarmed Combat
 23922 | D:6      | Reached XP level 9. HP: 66/68 MP: 9/9
 24032 | D:6      | Slain by an ogre

Vanquished Creatures
  A centaur skeleton (D:1)
  Eustachio (D:3)
  An ice beast (D:6)
  A sky beast (D:5)
  A necrophage (D:5)
  3 ogres
  A centaur (D:3)
  A giant frog (D:3)
  A scorpion (D:3)
  2 howler monkeys (D:4)
  2 crimson imps
  A giant frog zombie (D:5)
  A giant frog skeleton (D:4)
  A hound (D:5)
  A jelly (D:5)
  3 orc priests (D:3)
  2 orc wizards
  Terence (D:2)
  3 worker ants
  An iguana (D:4)
  A killer bee zombie (D:5)
  13 adders
  A howler monkey skeleton (D:4)
  2 oozes
  An adder zombie (D:5)
  A worm (D:2)
  2 dart slugs (D:2)
  4 giant geckos
  21 orcs
  A ball python (D:2)
  12 bats
  5 giant cockroaches
  16 goblins
  14 hobgoblins
  7 jackals
  2 quokkas
  A ball python zombie (D:5)
  A giant gecko skeleton (D:4)
  9 giant newts
  10 kobolds
  14 rats
167 creatures vanquished.
